 Dungeon Crawl Stone Soup version 0.21-a0-349-g0c35859 (webtiles) character file.

92799 Internecine the Jinx (level 16, -2/124 HPs)
             Began as a Gnoll Arcane Marksman on Oct 7, 2017.
             Was a High Priest of Okawaru.
             Killed from afar by a shock serpent (6 damage)
             ... with an electric aura
             ... on level 4 of the Snake Pit on Oct 8, 2017.
             The game lasted 05:36:59 (26667 turns).

Internecine the Jinx (Gnoll Arcane Marksman)       Turns: 26667, Time: 05:36:59

Health: -2/124     AC: 33    Str: 17    XL:     16   Next: 7%
Magic:  1/10       EV: 13    Int: 10    God:    Okawaru [*****.]
Gold:   268        SH:  0    Dex: 26    Spells: 10/36 levels left

rFire    + + +     SeeInvis .   M - +10 long sword of Absolution {antimagic, rF+++ MR- Int-5 Dex+4}
rCold    + + .     Gourm    .   (no shield)
rNeg     + . .     Faith    .   Z - +0 gold dragon scales of the Evil One {*Corrode +Inv rPois rF+ rC+ rN+ Str+3}
rPois    +         Spirit   .   y - +2 helmet
rElec    +         Reflect  .   (no cloak)
rCorr    +         Harm     .   W - +2 pair of gloves
MR       +....                  A - +2 pair of boots
Stlth    ..........             w - amulet of regeneration
HPRegen  0.70/turn              N - ring of protection from magic
MPRegen  0.12/turn              k - ring of protection from fire

@: lethally poisoned (-2 -> -2), resistant, heroism, finesse, very slightly
contaminated, hasted, very quick
A: distributed training, fangs 1, thin metallic scales 1, sturdy frame 1, strong
nose
a: Heroism, Finesse, Renounce Religion, Evoke Invisibility


You were on level 4 of the Snake Pit.
You worshipped Okawaru.
Okawaru was extremely pleased with you.
You were not hungry.

You visited 4 branches of the dungeon, and saw 21 of its levels.
You also visited: Labyrinth.

You collected 1374 gold pieces.
You spent 1106 gold pieces at shops.

Inventory:

Hand Weapons
 a - a +3 hand crossbow of venom
 E - a +6 rapier of electrocution
 F - the +7 shortbow "Kuicluxt" {venom, +Inv rF+ MR++ Dex-3}
   (Okawaru gifted it to you on level 4 of the Snake Pit)

   It poisons the ammo it fires.
   It affects your dexterity (-3).
   It protects you from fire.
   It affects your resistance to hostile enchantments.
   It lets you turn invisible.
 M - the +10 long sword of Absolution (weapon) {antimagic, rF+++ MR- Int-5 Dex+4}
   (You found it on level 6 of the Lair of Beasts)

   It reduces the magical energy of the wielder, and disrupts the spells and
   magical abilities of those hit.
   Natural abilities and divine invocations are not affected.
   It affects your intelligence (-5).
   It affects your dexterity (+4).
   It renders you almost immune to fire.
   It affects your resistance to hostile enchantments.
Missiles
 d - 151 bolts
 t - 11 tomahawks (quivered)
 I - 133 sling bullets
 L - 369 arrows
Armour
 l - the +1 leather armour of Qaihoki {*Slow rF- rN+++ rCorr}
   (You found it on level 9 of the Dungeon)

   It makes you vulnerable to fire.
   It renders you almost immune to negative energy.
   It protects you from acid and corrosion.
   It may slow you when you take damage.
 s - a +0 large shield
 y - a +2 helmet (worn)
 A - a +2 pair of boots (worn)
 S - a +2 scale mail of poison resistance
 T - a +0 shield
 V - the +13 crystal plate armour "Valih" {MR- Str+9 Int+6}
   (Okawaru gifted it to you on level 3 of the Snake Pit)

   It affects your strength (+9).
   It affects your intelligence (+6).
   It affects your resistance to hostile enchantments.
 W - a +2 pair of gloves (worn)
 Z - the +0 gold dragon scales of the Evil One (worn) {*Corrode +Inv rPois rF+ rC+ rN+ Str+3}
   (Okawaru gifted it to you on level 4 of the Snake Pit)

   It affects your strength (+3).
   It protects you from fire.
   It protects you from cold.
   It protects you from poison.
   It protects you from negative energy.
   It lets you turn invisible.
   It may corrode you when you take damage.
Jewellery
 h - an uncursed ring of resist corrosion
 i - an uncursed ring of protection from cold
 k - a ring of protection from fire (right hand)
 u - a +6 ring of protection
 w - an amulet of regeneration (around neck)
 H - an uncursed ring of poison resistance
 N - a ring of protection from magic (left hand)
Wands
 c - a wand of digging (14/24)
 o - a wand of confusion (27/48)
 B - a wand of scattershot (5/9)
 G - a wand of iceblast (3/15)
 P - a wand of lightning (8/15)
 X - a wand of acid (10/15)
Scrolls
 j - 3 scrolls of recharging
 q - 7 scrolls of remove curse
 x - 6 scrolls of fog
 D - 7 scrolls of amnesia
 O - 2 scrolls of fear
Potions
 b - a potion of haste
 n - 2 potions of might
 r - 3 potions of flight
 K - a potion of resistance
 Q - a potion of agility
Books
 e - a book of Transfigurations

   Spells                             Type                      Level
   a - Irradiate                      Conjuration/Transmutation    5
   b - Statue Form                    Transmutation/Earth          6
   c - Hydra Form                     Transmutation                6
   d - Dragon Form                    Transmutation                7
 v - a book of Party Tricks

   Spells                             Type                      Level
   a - Summon Butterflies             Summoning                    1
   b - Apportation                    Translocation                1
   c - Lesser Beckoning               Translocation                3
   d - Tukima's Dance                 Hexes                        3
   e - Alistair's Intoxication        Transmutation/Poison         5
   f - Invisibility                   Hexes                        6
 U - a book of Frost

   Spells                             Type                      Level
   a - Freeze                         Ice                          1
   b - Throw Frost                    Conjuration/Ice              2
   c - Ozocubu's Armour               Charms/Ice                   3
   d - Throw Icicle                   Conjuration/Ice              4
   e - Summon Ice Beast               Ice/Summoning                4
 Y - a book of Necromancy

   Spells                             Type                      Level
   a - Pain                           Necromancy                   1
   b - Animate Skeleton               Necromancy                   1
   c - Vampiric Draining              Necromancy                   3
   d - Regeneration                   Charms/Necromancy            3
   e - Animate Dead                   Necromancy                   4
   f - Control Undead                 Necromancy                   4
Miscellaneous
 p - a box of beasts
Comestibles
 f - 13 bread rations
 z - 23 royal jellies
 C - 5 chunks of flesh
 J - 4 meat rations


   Skills:
 + Level 10.6(15.6) Fighting
 + Level 10.3(15.3) Short Blades
 + Level 10.3(15.3) Long Blades
 + Level 10.3(15.3) Axes
 + Level 10.3(15.3) Maces & Flails
 + Level 10.3(15.3) Polearms
 + Level 10.3(15.3) Staves
 + Level 10.3(15.3) Slings
 + Level 10.3(15.3) Bows
 + Level 11.2(16.2) Crossbows
 + Level 10.3(15.3) Throwing
 + Level 10.3(15.3) Armour
 + Level 11.2(16.2) Dodging
 + Level 10.3(15.3) Stealth
 + Level 10.3(15.3) Shields
 + Level 10.3(15.3) Unarmed Combat
 + Level 10.7 Spellcasting
 + Level 10.3 Conjurations
 + Level 12.0 Hexes
 + Level 10.3 Charms
 + Level 10.3 Summonings
 + Level 10.3 Necromancy
 + Level 10.3 Translocations
 + Level 10.3 Transmutations
 + Level 10.3 Fire Magic
 + Level 10.3 Ice Magic
 + Level 10.3 Air Magic
 + Level 10.3 Earth Magic
 + Level 10.3 Poison Magic
 + Level 10.3 Invocations
 + Level 10.3 Evocations


You had 10 spell levels left.
You knew the following spells:

 Your Spells              Type           Power        Failure   Level  Hunger
a - Corona                Hex            ####...      3%          1    None
b - Slow                  Hex            ####....     6%          2    None
c - Cause Fear            Hex            ####......   36%         4    ####...
d - Sticks to Snakes      Tmut           ####....     12%         2    None
e - Swiftness             Chrm/Air       ####....     12%         2    None
f - Airstrike             Air            ####......   58%         4    ####...
g - Lightning Bolt        Conj/Air       ####......   91%         5    #####..
h - Regeneration          Chrm/Necr      ####......   22%         3    ##.....
i - Vampiric Draining     Necr           ####......   22%         3    ##.....


Dungeon Overview and Level Annotations

Branches:
Dungeon (10/15)            Temple (1/1) D:4            Lair (6/6) D:10
  Swamp (0/4) Lair:3        Snake (4/4) Lair:2        Slime (0/5) Lair:5
    Orc: D:9-12

Altars:
Ashenzari
Cheibriados
Dithmenos
Elyvilon
Fedhas
Gozag
Hepliaklqana
Kikubaaqudgha
Makhleb
Nemelex Xobeh
Okawaru
Qazlal
Ru
Sif Muna
Trog
Uskayaw
Vehumet
Wu Jian
Xom
Yredelemnul
Zin
The Shining One

Shops:
D:6 }   D:7 *   Snake:1 %=:

Portals:
Hell: Lair:6

Annotations:
D:7 Psyche
Lair:2 exclusion: oklob plant
Lair:3 exclusion: 2 oklob plants


Innate Abilities, Weirdness & Mutations

Your experience applies equally to all skills.
You have very sharp teeth.
Your uncanny sense of smell can sniff out nearby items.
You are partially covered in thin metallic scales. (AC +2)
Your movements are slightly less encumbered by armour. (ER -2)


Message History

* * * LOW HITPOINT WARNING * * *
Unknown command.
As you read the scroll of fear, it crumbles to dust.
You assume a fearsome visage.
The mana viper resists with almost no effort. x2
The shock serpent looks frightened!
Casting: Regeneration
Confirm with . or Enter, or press ? or * to list all spells.
Okay, then.
Casting: Regeneration
Confirm with . or Enter, or press ? or * to list all spells.
You don't have enough magic to cast that spell.
Throwing (i - inventory):
t - 11 tomahawks (quivered)
Press: ? - help, Shift-Dir - straight line, f/p - shock serpent
Aim: a shock serpent (heavily wounded, fleeing)
You throw a tomahawk. The tomahawk hits the shock serpent!
Your attack snaps the shock serpent out of its fear.
The shock serpent is severely wounded.
The shock serpent's electric aura discharges, shocking you!
You die...

.......##...##
..NN..NN#....##
(..N.N.(......##
........#..#...##
#......##..##.S.##
##....##....##S..#
##..##......##(S#
####........##.# ∆
.........φ#@#
#########


You could see a shock serpent (fleeing) and 2 mana vipers.

Vanquished Creatures
  Frances (Snake:2)
  The ghost of Kriby the Covert, an adept GnWn of Makhleb (Snake:4)
  3 nagarajas
  Snorg (Lair:5)
  A minotaur (Lab)
  8 naga warriors
  A hell beast (Lair:6)
  10 hydras
  6 anacondas
  An alligator (Lair:4)
  A death yak (Lair:6)
  11 naga sharpshooters
  3 shock serpents
  Nergalle (Lair:4)
  4 salamander mystics
  A wizard (Lair:6)
  4 naga ritualists
  11 mana vipers
  9 salamanders
  3 guardian serpents (Snake:4)
  5 elephants (Lair:5)
  7 naga magi
  36 black mambas
  3 rime drakes
  An orange demon (Lair:6)
  5 spiny frogs
  8 komodo dragons
  3 ice devils (Lair:6)
  A hellwing (Lair:6)
  A troll (D:9)
  2 polar bears
  A red devil (Lair:6)
  A queen bee (Lair:3)
  A hornet (Lair:2)
  Prince Ribbit (D:8)
  7 hippogriffs
  3 slime creatures
  8 blink frogs
  5 dream sheep (Lair:6)
  18 yaks
  4 hogs (D:8)
  A human (D:8)
  3 wyverns
  A basilisk (Lab)
  2 hungry ghosts
  2 vampire mosquitoes (Lair:4)
  40 nagas
  A swamp worm (Lair:4)
  10 water moccasins
  9 porcupines
  2 orc warriors
  2 swamp drakes (Lair:4)
  2 black bears (D:7)
  5 hell hounds (Lair:6)
  An eye of draining (D:8)
  An ice beast (D:9)
  4 ogres
  A sky beast (D:7)
  2 phantoms (D:5)
  16 crocodiles
  A centaur (D:5)
  2 big kobolds
  8 bullfrogs
  An earth elemental (Lab)
  4 scorpions
  A water moccasin skeleton (D:9)
  32 killer bees
  6 electric eels
  3 crimson imps
  A centaur zombie (D:6)
  3 bullfrog zombies
  4 jellies
  8 orc wizards
  5 orc priests
  4 hounds
  2 centaur skeletons
  A bullfrog skeleton (D:9)
  5 iguanas
  6 worker ants
  2 hell rats (Lair:1)
  A howler monkey zombie (D:6)
  A worker ant zombie (D:6)
  6 adders
  9 river rats (Lair:1)
  3 shadow imps
  10 oozes (D:2)
  An adder skeleton (D:6)
  5 worms
  2 dart slugs (D:2)
  A leopard gecko (D:10)
  22 orcs
  8 bats
  3 giant cockroaches
  5 goblins
  5 hobgoblins
  20 jackals
  22 kobolds
  7 quokkas
  A ball python (D:2)
  6 frilled lizards
  A jackal skeleton (D:4)
  A leopard gecko zombie (D:7)
  6 rats
  2 fungi (Lair:6)
554 creatures vanquished.

Vanquished Creatures (others)
  A naga mage (Snake:1)
  An orc wizard (D:10)
  7 fungi
  6 plants
  8 toadstools (D:2)
23 creatures vanquished.

Grand Total: 577 creatures vanquished

Notes
Turn   | Place    | Note
-------+----------+-------------------------------------------
     0 | D:1      | Internecine the Gnoll Arcane Marksman began the quest for the Orb.
     0 | D:1      | Reached XP level 1. HP: 17/17 MP: 4/4
   351 | D:1      | Reached XP level 2. HP: 21/23 MP: 5/5
   909 | D:2      | Reached XP level 3. HP: 28/28 MP: 7/7
  1215 | D:2      | Reached skill level 1 in Short Blades
  1215 | D:2      | Reached skill level 1 in Long Blades
  1215 | D:2      | Reached skill level 1 in Axes
  1215 | D:2      | Reached skill level 1 in Maces & Flails
  1215 | D:2      | Reached skill level 1 in Polearms
  1215 | D:2      | Reached skill level 1 in Staves
  1215 | D:2      | Reached skill level 1 in Slings
  1215 | D:2      | Reached skill level 1 in Bows
  1215 | D:2      | Reached skill level 1 in Throwing
  1215 | D:2      | Reached skill level 1 in Armour
  1215 | D:2      | Reached skill level 1 in Stealth
  1215 | D:2      | Reached skill level 1 in Shields
  1215 | D:2      | Reached skill level 1 in Unarmed Combat
  1215 | D:2      | Reached skill level 1 in Conjurations
  1215 | D:2      | Reached skill level 1 in Charms
  1215 | D:2      | Reached skill level 1 in Summonings
  1215 | D:2      | Reached skill level 1 in Necromancy
  1215 | D:2      | Reached skill level 1 in Translocations
  1215 | D:2      | Reached skill level 1 in Transmutations
  1215 | D:2      | Reached skill level 1 in Fire Magic
  1215 | D:2      | Reached skill level 1 in Ice Magic
  1215 | D:2      | Reached skill level 1 in Air Magic
  1215 | D:2      | Reached skill level 1 in Earth Magic
  1215 | D:2      | Reached skill level 1 in Poison Magic
  1215 | D:2      | Reached skill level 1 in Invocations
  1215 | D:2      | Reached skill level 1 in Evocations
  1215 | D:2      | Reached XP level 4. HP: 34/34 MP: 8/8
  1458 | D:2      | Reached XP level 5. HP: 40/40 MP: 9/9
  1867 | D:2      | Reached XP level 6. HP: 36/47 MP: 10/10
  2120 | D:3      | Reached skill level 5 in Crossbows
  2120 | D:3      | Reached skill level 5 in Dodging
  3095 | D:3      | Reached XP level 7. HP: 52/52 MP: 12/12
  3604 | D:4      | Reached skill level 7 in Hexes
  3637 | D:4      | Found a staircase to the Ecumenical Temple.
  3648 | Temple   | Entered the Ecumenical Temple
  3660 | Temple   | Became a worshipper of Warmaster Okawaru
  4003 | D:5      | Entered Level 5 of the Dungeon
  4059 | D:5      | Noticed a hungry ghost
  4081 | D:5      | Killed a hungry ghost
  4432 | D:5      | Reached XP level 8. HP: 60/60 MP: 14/14
  4474 | D:5      | Reached * piety under Okawaru
  4554 | D:5      | Learned a level 2 spell: Slow
  4559 | D:5      | Learned a level 4 spell: Cause Fear
  4562 | D:5      | Learned a level 2 spell: Sticks to Snakes
  5570 | D:6      | Found Pasourhoe's Gadget Boutique.
  5869 | D:7      | Reached ** piety under Okawaru
  5988 | D:7      | Reached XP level 9. HP: 66/66 MP: 14/16
  5992 | D:7      | Gained mutation: Your magical capacity is low. (-10% MP) [mutagenic meat]
  5993 | D:7      | Gained mutation: Your mind is acute. (Int +2) [mutagenic meat]
  5995 | D:7      | Gained mutation: Potions are less effective at restoring your health. [mutagenic meat]
  6083 | D:7      | Found a blossoming altar of Fedhas.
  6098 | D:7      | Found a sparkling altar of Nemelex Xobeh.
  6141 | D:7      | Lost mutation: Your magical capacity is low. (-10% MP) [potion of mutation]
  6141 | D:7      | Lost mutation: Potions are less effective at restoring your health. [potion of mutation]
  6141 | D:7      | Lost mutation: Your mind is acute. (Int +2) [potion of mutation]
  6141 | D:7      | Gained mutation: Your spells are a little harder to cast, but a little more powerful. [potion of mutation]
  6141 | D:7      | Gained mutation: You are covered in fur. (AC +1) [potion of mutation]
  6389 | D:7      | Reached skill level 5 in Spellcasting
  6724 | D:7      | Found Volaw's General Store.
  6732 | D:7      | Bought a potion of heal wounds for 70 gold pieces
  6732 | D:7      | Bought a scroll of teleportation for 42 gold pieces
  6732 | D:7      | Bought a +2 leather armour of poison resistance for 224 gold pieces
  7098 | D:8      | Reached skill level 5 in Fighting
  7114 | D:8      | Found an iron altar of Okawaru.
  7151 | D:8      | Reached skill level 8 in Hexes
  7158 | D:8      | Reached *** piety under Okawaru
  7425 | D:8      | Reached XP level 10. HP: 74/74 MP: 10/18
  7501 | D:8      | Noticed Prince Ribbit
  7509 | D:8      | Noticed Psyche
  7744 | D:8      | Found a shimmering altar of Xom.
  7745 | D:8      | Found a burning altar of Makhleb.
  7997 | D:8      | Killed Prince Ribbit
  8114 | D:9      | Reached **** piety under Okawaru
  8231 | D:9      | Reached skill level 5 in Short Blades
  8231 | D:9      | Reached skill level 5 in Long Blades
  8231 | D:9      | Reached skill level 5 in Axes
  8231 | D:9      | Reached skill level 5 in Maces & Flails
  8231 | D:9      | Reached skill level 5 in Polearms
  8231 | D:9      | Reached skill level 5 in Staves
  8231 | D:9      | Reached skill level 5 in Slings
  8231 | D:9      | Reached skill level 5 in Bows
  8231 | D:9      | Reached skill level 5 in Throwing
  8231 | D:9      | Reached skill level 5 in Armour
  8231 | D:9      | Reached skill level 5 in Stealth
  8231 | D:9      | Reached skill level 5 in Shields
  8231 | D:9      | Reached skill level 5 in Unarmed Combat
  8231 | D:9      | Reached skill level 5 in Conjurations
  8231 | D:9      | Reached skill level 5 in Charms
  8231 | D:9      | Reached skill level 5 in Summonings
  8231 | D:9      | Reached skill level 5 in Necromancy
  8231 | D:9      | Reached skill level 5 in Translocations
  8231 | D:9      | Reached skill level 5 in Transmutations
  8231 | D:9      | Reached skill level 5 in Fire Magic
  8231 | D:9      | Reached skill level 5 in Ice Magic
  8231 | D:9      | Reached skill level 5 in Air Magic
  8231 | D:9      | Reached skill level 5 in Earth Magic
  8231 | D:9      | Reached skill level 5 in Poison Magic
  8231 | D:9      | Reached skill level 5 in Invocations
  8231 | D:9      | Reached skill level 5 in Evocations
  8239 | D:9      | Received a gift from Okawaru
  8385 | D:9      | Got a smelly leather armour
  8396 | D:9      | Identified the +1 leather armour of Qaihoki {*Slow rF- rN+++ rCorr} (You found it on level 9 of the Dungeon)
  9100 | D:10     | Entered Level 10 of the Dungeon
  9300 | D:10     | Found a staircase to the Lair.
  9341 | Lair:1   | Entered Level 1 of the Lair of Beasts
  9452 | Lair:1   | Reached ***** piety under Okawaru
  9452 | Lair:1   | Received a gift from Okawaru
  9689 | Lair:1   | Noticed a black mamba
  9711 | Lair:1   | Killed a black mamba
  9715 | Lair:1   | Reached XP level 11. HP: 34/82 MP: 18/20
 10452 | Lair:1   | Noticed a seven-headed hydra
 10465 | Lair:1   | Killed a seven-headed hydra
 10465 | Lair:1   | Received a gift from Okawaru
 10465 | Lair:1   | Reached skill level 9 in Hexes
 11132 | Lair:2   | Received a gift from Okawaru
 11605 | Lair:2   | Learned a level 2 spell: Swiftness
 11610 | Lair:2   | Learned a level 4 spell: Airstrike
 11616 | Lair:2   | Learned a level 5 spell: Lightning Bolt
 11893 | Lair:2   | Found a staircase to the Snake Pit.
 12013 | Lair:2   | Found a blossoming altar of Fedhas.
 12039 | Lair:2   | Noticed an oklob plant
 12395 | Lair:2   | Received a gift from Okawaru
 12905 | Lair:3   | Found a staircase to the Swamp.
 12969 | Lair:3   | Reached XP level 12. HP: 70/91 MP: 21/23
 13075 | Lair:3   | Found a labyrinth entrance.
 13086 | Lab      | Entered a labyrinth
 13508 | Lab      | Noticed a minotaur
 13553 | Lab      | Killed a minotaur
 13553 | Lab      | Received a gift from Okawaru
 14621 | Lair:2   | Received a gift from Okawaru
 15140 | Lair:4   | Noticed Nergalle
 15477 | Lair:4   | Killed Nergalle
 15551 | Lair:4   | Noticed a four-headed hydra
 15557 | Lair:4   | Killed a four-headed hydra
 15582 | Lair:4   | Learned a level 3 spell: Regeneration
 15586 | Lair:4   | Learned a level 3 spell: Vampiric Draining
 15737 | Lair:4   | Noticed a seven-headed hydra
 15970 | Lair:4   | Noticed a five-headed hydra
 15980 | Lair:4   | Killed a five-headed hydra
 15980 | Lair:4   | Received a gift from Okawaru
 16085 | Lair:4   | Noticed an alligator
 16093 | Lair:4   | Killed an alligator
 16093 | Lair:4   | Reached skill level 10 in Hexes
 16160 | Lair:4   | Noticed an eight-headed hydra
 16169 | Lair:4   | Killed an eight-headed hydra
 16208 | Lair:4   | Killed a seven-headed hydra
 16208 | Lair:4   | Received a gift from Okawaru
 16327 | Lair:5   | Reached XP level 13. HP: 98/98 MP: 25/25
 16382 | Lair:5   | Found a staircase to the Slime Pits.
 16759 | Lair:5   | Noticed Snorg
 16779 | Lair:5   | Killed Snorg
 17338 | Lair:6   | Entered Level 6 of the Lair of Beasts
 17407 | Lair:6   | Received a gift from Okawaru
 17816 | Lair:6   | Got a warped long sword
 17823 | Lair:6   | Identified the +10 long sword of Absolution {antimagic, rF+++ MR- Int-5 Dex+4} (You found it on level 6 of the Lair of Beasts)
 17923 | Lair:6   | Received a gift from Okawaru
 18730 | Lair:6   | Reached ****** piety under Okawaru
 18813 | Lair:6   | Found a burning altar of Makhleb.
 19275 | Lair:6   | Received a gift from Okawaru
 19447 | Lair:6   | Reached XP level 14. HP: 52/108 MP: 15/27
 19984 | Lair:6   | Found a gateway to Hell.
 20343 | Snake:1  | Entered Level 1 of the Snake Pit
 20548 | Snake:1  | Found Birar's Book Emporium.
 20570 | Snake:1  | Received a gift from Okawaru
 20900 | Snake:1  | Reached skill level 10 in Crossbows
 20900 | Snake:1  | Reached skill level 10 in Dodging
 20958 | Snake:1  | Found Gutifiny's Jewellery Shoppe.
 20970 | Snake:1  | Bought an uncursed ring of protection from fire for 350 gold pieces
 20970 | Snake:1  | Bought an uncursed amulet of regeneration for 420 gold pieces
 21192 | Snake:1  | Reached skill level 11 in Hexes
 21939 | Snake:1  | Found Fazib's Food Shop.
 23321 | Snake:2  | Received a gift from Okawaru
 23385 | Snake:2  | Noticed Frances
 23469 | Snake:3  | Noticed a nagaraja
 23481 | Snake:3  | Received a gift from Okawaru
 23502 | Snake:3  | Killed a nagaraja
 23593 | Snake:3  | Received a gift from Okawaru
 23602 | Snake:3  | Reached XP level 15. HP: 53/115 MP: 4/28
 23604 | Snake:3  | Got a ruby-encrusted crystal plate armour {god gift}
 23615 | Snake:3  | Identified the +13 crystal plate armour "Valih" {MR- Str+9 Int+6} (Okawaru gifted it to you on level 3 of the Snake Pit)
 23733 | Snake:3  | Reached skill level 10 in Spellcasting
 23952 | Snake:3  | Reached skill level 10 in Fighting
 24506 | Snake:2  | Noticed a nagaraja
 24516 | Snake:2  | Killed a nagaraja
 24907 | Snake:2  | Killed Frances
 25261 | Snake:3  | Reached skill level 10 in Short Blades
 25261 | Snake:3  | Reached skill level 10 in Long Blades
 25261 | Snake:3  | Reached skill level 10 in Axes
 25261 | Snake:3  | Reached skill level 10 in Maces & Flails
 25261 | Snake:3  | Reached skill level 10 in Polearms
 25261 | Snake:3  | Reached skill level 10 in Staves
 25261 | Snake:3  | Reached skill level 10 in Slings
 25261 | Snake:3  | Reached skill level 10 in Bows
 25261 | Snake:3  | Reached skill level 10 in Throwing
 25261 | Snake:3  | Reached skill level 10 in Armour
 25261 | Snake:3  | Reached skill level 10 in Stealth
 25261 | Snake:3  | Reached skill level 10 in Shields
 25261 | Snake:3  | Reached skill level 10 in Unarmed Combat
 25261 | Snake:3  | Reached skill level 10 in Conjurations
 25261 | Snake:3  | Reached skill level 10 in Charms
 25261 | Snake:3  | Reached skill level 10 in Summonings
 25261 | Snake:3  | Reached skill level 10 in Necromancy
 25261 | Snake:3  | Reached skill level 10 in Translocations
 25261 | Snake:3  | Reached skill level 10 in Transmutations
 25261 | Snake:3  | Reached skill level 10 in Fire Magic
 25261 | Snake:3  | Reached skill level 10 in Ice Magic
 25261 | Snake:3  | Reached skill level 10 in Air Magic
 25261 | Snake:3  | Reached skill level 10 in Earth Magic
 25261 | Snake:3  | Reached skill level 10 in Poison Magic
 25261 | Snake:3  | Reached skill level 10 in Invocations
 25261 | Snake:3  | Reached skill level 10 in Evocations
 25430 | Snake:4  | Entered Level 4 of the Snake Pit
 25506 | Snake:4  | Received a gift from Okawaru
 25511 | Snake:4  | Got polished gold dragon scales {god gift}
 25522 | Snake:4  | Identified the +0 gold dragon scales of the Evil One {*Corrode +Inv rPois rF+ rC+ rN+ Str+3} (Okawaru gifted it to you on level 4 of the Snake Pit)
 25651 | Snake:4  | Noticed Kriby's ghost (adept GnWn)
 25682 | Snake:4  | Killed Kriby's ghost
 26205 | Snake:4  | Noticed a nagaraja
 26221 | Snake:4  | Killed a nagaraja
 26246 | Snake:4  | Noticed a nagaraja
 26246 | Snake:4  | Noticed a nagaraja
 26246 | Snake:4  | Noticed a nagaraja
 26502 | Snake:4  | Gained mutation: Your movements are slightly less encumbered by armour. (ER -2) [mutagenic meat]
 26503 | Snake:4  | Lost mutation: Your spells are a little harder to cast, but a little more powerful. [mutagenic meat]
 26504 | Snake:4  | Lost mutation: You are covered in fur. (AC +1) [mutagenic meat]
 26505 | Snake:4  | Gained mutation: You are partially covered in thin metallic scales. (AC +2) [mutagenic meat]
 26518 | Snake:4  | Reached skill level 12 in Hexes
 26547 | Snake:4  | Received a gift from Okawaru
 26547 | Snake:4  | Reached XP level 16. HP: 108/124 MP: 10/30
 26548 | Snake:4  | Got a blackened shortbow {god gift}
 26580 | Snake:4  | Identified the +7 shortbow "Kuicluxt" {venom, +Inv rF+ MR++ Dex-3} (Okawaru gifted it to you on level 4 of the Snake Pit)
 26615 | Snake:4  | Noticed a nagaraja
 26621 | Snake:4  | Noticed a nagaraja
 26641 | Snake:4  | Noticed a nagaraja
 26641 | Snake:4  | Noticed a nagaraja
 26665 | Snake:4  | HP: 4/124 [shock serpent/electric aura (11)]
 26667 | Snake:4  | Killed from afar by a shock serpent

Vault maps used:
D:1:      dpeg_arrival_water_temple_mockup
D:2:      cheibrodos_fertilizer, first_bread
D:3:      cheibrodos_pilgrimage
D:4:      minmay_temple_entry_trees, kennysheep_potato
D:5:      minmay_misc_feat_nine_boxes
D:6:      serial_shops, nicolae_shop_waterfront
D:7:      amethyst_overflow_temple_binary, serial_shops, shop
D:8:      grunt_temple_overflow_champion_of_chaos, grunt_livestock,
          roderic_st_hans_cross, okawaru_gym_becter, uniq_psyche,
          uniq_prince_ribbit1
D:9:      grunt_tough_drop
D:10:     grunt_lair_entry_orc_guard_hut, orc_0_dummy, corexii_corridor_pit
Temple:   nicolae_temple_no_exploring_needed
Lair:1:   grunt_forest_small_clearings, small_statue_intersection,
          kennysheep_rathole, lemuel_fruit_fields, grunt_megastairs_3,
          lemuel_fruit_fields
Lair:2:   guppyfry_snake_entry_garden, tgw_fedhas, lemuel_fruit_tree,
          serial_bayou_shore_a, serial_bayou_shore_b, grunt_megastairs_1
Lair:3:   minmay_swamp_entry_eels, special_room, lab_entry_generic,
          minmay_lair_oklob_chamber, grunt_megastairs_2, serial_bayou_shore_b
Lair:4:   onia_ninara_swampy_vault, serial_bayou_ford_a, uniq_nergalle
Lair:5:   minmay_slime_entry_pillars, uniq_snorg
Lair:6:   evil_forest, st_stairs_7, infiniplex_staircase_pool_2
Snake:1:  serial_shops, nicolae_shop_behind_doors, st_stairs_7,
          grunt_ministairs_15, minmay_shoptagon
Snake:2:  uniq_frances
Snake:4:  johnstein_snake_rune_scales
Lab:      labyrinth_watery, labyrinth_skeletal_remains, nicolae_lab_plus

Skill      XL: |  1  2  3  4  5  6  7  8  9 10 11 12 13 14 15 |
---------------+----------------------------------------------+-----
Short Blades   | 1 2 3 4 5 6 7 8 9 10 | 10.3
Long Blades    | 1 2 3 4 5 6 7 8 9 10 | 10.3
Axes           | 1 2 3 4 5 6 7 8 9 10 | 10.3
Maces & Flails | 1 2 3 4 5 6 7 8 9 10 | 10.3
Polearms       | 1 2 3 4 5 6 7 8 9 10 | 10.3
Staves         | 1 2 3 4 5 6 7 8 9 10 | 10.3
Slings         | 1 2 3 4 5 6 7 8 9 10 | 10.3
Bows           | 1 2 3 4 5 6 7 8 9 10 | 10.3
Throwing       | 1 2 3 4 5 6 7 8 9 10 | 10.3
Armour         | 1 2 3 4 5 6 7 8 9 10 | 10.3
Stealth        | 1 2 3 4 5 6 7 8 9 10 | 10.3
Shields        | 1 2 3 4 5 6 7 8 9 10 | 10.3
Unarmed Combat | 1 2 3 4 5 6 7 8 9 10 | 10.3
Spellcasting   | 3 4 5 6 7 8 9 10 | 10.7
Conjurations   | 1 2 3 4 5 6 7 8 9 10 | 10.3
Charms         | 1 2 3 4 5 6 7 8 9 10 | 10.3
Summonings     | 1 2 3 4 5 6 7 8 9 10 | 10.3
Necromancy     | 1 2 3 4 5 6 7 8 9 10 | 10.3
Translocations | 1 2 3 4 5 6 7 8 9 10 | 10.3
Transmutations | 1 2 3 4 5 6 7 8 9 10 | 10.3
Fire Magic     | 1 2 3 4 5 6 7 8 9 10 | 10.3
Ice Magic      | 1 2 3 4 5 6 7 8 9 10 | 10.3
Air Magic      | 1 2 3 4 5 6 7 8 9 10 | 10.3
Earth Magic    | 1 2 3 4 5 6 7 8 9 10 | 10.3
Poison Magic   | 1 2 3 4 5 6 7 8 9 10 | 10.3
Invocations    | 1 2 3 4 5 6 7 8 9 10 | 10.3
Evocations     | 1 2 3 4 5 6 7 8 9 10 | 10.3
Fighting       | 3 4 5 6 7 8 9 10 | 10.6
Crossbows      | 5 6 7 8 9 10 11 | 11.2
Dodging        | 5 6 7 8 9 10 11 | 11.2
Hexes          | 7 8 9 10 11 12 | 12.0

Action                   |  1- 3 |  4- 6 |  7- 9 | 10-12 | 13-15 | 16-18 || total
-------------------------+-------+-------+-------+-------+-------+-------++-------
Melee: Short sword       |       |    31 |       |       |       |       ||    31
       Bite              |       |     6 |    16 |    64 |   136 |     8 ||   230
       Dagger            |       |    26 |       |       |       |       ||    26
       Rapier            |       |       |   213 |   564 |   104 |       ||   881
       Long sword        |       |       |       |       |   658 |    28 ||   686
       Punch             |       |       |       |       |       |     3 ||     3
 Fire: Hand crossbow     |    88 |   133 |   106 |   385 |   766 |       ||  1478
       Shortbow          |       |       |       |       |       |    16 ||    16
Throw: Stone             |       |    21 |     6 |     1 |       |       ||    28
       Tomahawk          |       |       |    23 |    38 |    39 |     2 ||   102
 Cast: Corona            |       |     7 |     4 |     3 |       |       ||    14
       Slow              |       |       |       |     2 |       |       ||     2
       Regeneration      |       |       |       |       |     9 |     1 ||    10
Invok: Heroism           |       |       |     1 |    15 |    11 |     1 ||    28
       Finesse           |       |       |       |    10 |    11 |     1 ||    22
  Use: Scroll            |       |     3 |    11 |    13 |    25 |     4 ||    56
       Potion            |       |       |     9 |     6 |     9 |     5 ||    29
  Eat: Chunk             |       |     7 |    11 |    12 |    18 |       ||    48
       Meat ration       |       |       |     2 |     1 |     1 |       ||     4
       Royal jelly       |       |       |     1 |       |       |       ||     1
       Fruit             |       |       |       |    13 |    19 |       ||    32
Armor: Robe              |     6 |     7 |       |       |       |       ||    13
       Leather armour    |       |    60 |    25 |   134 |   121 |       ||   340
       Scale mail        |       |       |    66 |       |    66 |       ||   132
       Skin              |       |       |       |    14 |       |       ||    14
       Chain mail        |       |       |       |    50 |    11 |       ||    61
       Crystal plate arm |       |       |       |       |   101 |       ||   101
       Gold dragon scale |       |       |       |       |    92 |    41 ||   133
Dodge: Dodged            |    42 |    89 |    71 |   238 |   451 |    23 ||   914
Block: Large shield      |       |    62 |   144 |   465 |   401 |       ||  1072
       Shield            |       |       |       |       |   335 |     2 ||   337
       Rpst.: Long sword |       |       |       |       |    61 |     4 ||    65

Table legend:
 A = Spawn XP
 B = Non-spawn XP
 C = Spawn XP percentage of total XP
 D = Spawn monster count
 E = Non-spawn monster count
 F = Spawn count percentage of total count
 G = Total turns spent on level
                    A         B        C        D         E        F      G
               +---------+---------+-------+---------+---------+-------+---------
         Total |       0 |  132570 |   0.0 |       0 |     554 |   0.0 | 26667
               +---------+---------+-------+---------+---------+-------+---------
           D:1 |       0 |      29 |   0.0 |       0 |      19 |   0.0 |   903
           D:2 |       0 |     295 |   0.0 |       0 |      49 |   0.0 |  1186
           D:3 |       0 |     301 |   0.0 |       0 |      34 |   0.0 |  1090
           D:4 |       0 |     360 |   0.0 |       0 |      14 |   0.0 |   800
           D:5 |       0 |     573 |   0.0 |       0 |       8 |   0.0 |  1000
           D:6 |       0 |     397 |   0.0 |       0 |      14 |   0.0 |   740
           D:7 |       0 |    1054 |   0.0 |       0 |      19 |   0.0 |  1230
           D:8 |       0 |    2340 |   0.0 |       0 |      30 |   0.0 |  1106
           D:9 |       0 |    1546 |   0.0 |       0 |      22 |   0.0 |  1021
          D:10 |       0 |     873 |   0.0 |       0 |      15 |   0.0 |   241
        Lair:1 |       0 |    5468 |   0.0 |       0 |      33 |   0.0 |  1839
        Lair:2 |       0 |    5652 |   0.0 |       0 |      27 |   0.0 |  2255
        Lair:3 |       0 |    4219 |   0.0 |       0 |      38 |   0.0 |  1765
        Lair:4 |       0 |    8176 |   0.0 |       0 |      20 |   0.0 |  1032
        Lair:5 |       0 |    6632 |   0.0 |       0 |      19 |   0.0 |  1168
        Lair:6 |       0 |   17793 |   0.0 |       0 |      51 |   0.0 |  2756
       Snake:1 |       0 |   17834 |   0.0 |       0 |      34 |   0.0 |  2178
       Snake:2 |       0 |   17743 |   0.0 |       0 |      30 |   0.0 |  1157
       Snake:3 |       0 |   17198 |   0.0 |       0 |      30 |   0.0 |  1465
       Snake:4 |       0 |   22753 |   0.0 |       0 |      45 |   0.0 |  1106
           Lab |       0 |    1334 |   0.0 |       0 |       3 |   0.0 |   605
               +---------+---------+-------+---------+---------+-------+---------
